 Dungeon Crawl Stone Soup version 0.28.0-43-g3370ac3207 (webtiles) character file.

Game seed: 13474498567119827143

51 Woods the Chiller (level 3, -2/19 HPs)
             Began as a Gargoyle Ice Elementalist on Mar 5, 2022.
             Slain by a worm (9 damage)
             ... on level 2 of the Dungeon.
             The game lasted 00:03:29 (2357 turns).

Woods the Chiller (Gargoyle Ice Elementalist)       Turns: 2357, Time: 00:03:29

Health: -2/19      AC:  6    Str: 11    XL:     3   Next: 83%
Magic:  1/7        EV: 12    Int: 17    God:
Gold:   60         SH:  0    Dex: 16    Spells: 0/7 levels left

rFire   . . .      SeeInvis .   (no weapon)
rCold   . . .      Faith    .   (no shield)
rNeg    + . .      Spirit   .   a - +0 robe
rPois   ∞          Reflect  .   (no helmet)
rElec   +          Harm     .   h - +0 cloak {Stlth+}
rCorr   .          Rampage  .   (no gloves)
Will    .....                   (no boots)
Stlth   +++.......              (no amulet)
HPRegen 0.06/turn               f - +6 ring of dexterity
MPRegen 0.10/turn               (no ring)

@: very slightly contaminated
A: sickness immunity, AC +3, negative energy resistance 1, electricity
resistance, torment resistance 1, petrification resistance
a: no special abilities


You were on level 2 of the Dungeon.
You visited 1 branch of the dungeon, and saw 2 of its levels.

You collected 60 gold pieces.

Inventory:

Armour
 a - a +0 robe (worn)
 h - a +0 cloak of stealth (worn)
Jewellery
 f - a +6 ring of dexterity (left hand)
Scrolls
 c - a scroll of fog {unknown}
 e - 2 scrolls of identify {unknown}
 g - a scroll of noise {unknown}
Potions
 b - a potion of magic {unknown}
 d - a potion of attraction {unknown}


   Skills:
 - Level 1.7 Dodging
 - Level 2.4 Stealth
 + Level 2.9 Spellcasting
 + Level 4.6 Ice Magic


You couldn't memorise any spells.
You knew the following spells:

 Your Spells              Type           Power      Damage    Failure   Level
a - Freeze                Ice            72%        1d9       2%          1
b - Frozen Ramparts       Ice            36%        1d5       8%          3
c - Ozocubu's Armour      Ice            18%        N/A       8%          3

Your spell library contained the following spells:

 Spells                   Type           Power      Damage    Failure   Level
 Hailstorm                Conj/Ice       10%        3d5       56%         4
 Animate Dead             Necr           1%         N/A       87%         4
 Borgnjor's Vile Clutch   Necr/Erth      1%         N/A       99%         5
 Death Channel            Necr           1%         N/A       100%        6


Dungeon Overview and Level Annotations

Branches:
Dungeon (2/15)

Altars:


Innate Abilities, Weirdness & Mutations

You are immune to sickness and miasma.
Your stone body is resilient. (AC +3)
You are immune to poison.
You resist negative energy. (rN+)
You are resistant to electric shocks. (rElec)
You are resistant to unholy torment.
You are immune to petrification.


Message History

You kill the jackal!
The goblin shoots a stone.
The stone hits you but does no damage.
The goblin shoots a stone.
The stone hits you.
The goblin shoots a stone.
The stone completely misses you.
The goblin shoots a stone.
The stone hits you but does no damage.
The goblin shoots a stone.
The stone hits you.
Aiming: Freeze (safe; 2% risk of failure)
Press: ? - help, Q - select action Shift-Dir - straight line, f - worm
Aim: a worm You freeze the worm.
The worm is moderately wounded.
The goblin shoots a stone.
The stone hits you. The worm closely misses you.
The goblin unwields a +0 hunting sling.
The goblin wields a +0 dagger.
The goblin closely misses you.
Casting: Freeze (safe; 2% risk of failure)
Confirm with . or Enter, or press ? or * to list all spells.
The spell is extremely dangerous to miscast (8% risk of failure)!
Continue anyway?
Casting: Frozen Ramparts (extremely dangerous; 8% risk of failure)
Press: ? - help, Dir - look around, f - activate You miscast Frozen Ramparts.
You are very lightly contaminated with residual magic.
Nothing appears to happen.
The goblin barely misses you.
Unknown command.
Casting: Frozen Ramparts (extremely dangerous; 8% risk of failure)
Confirm with . or Enter, or press ? or * to list all spells.
You don't have enough magic to cast this spell.
Unknown command.
Aiming: Freeze (safe; 2% risk of failure)
Press: ? - help, Q - select action Shift-Dir - straight line, f - goblin
Aim: a goblin, wielding a +0 dagger and quivering stones You freeze the goblin.
The goblin is heavily wounded.
The goblin hits you but does no damage.
You hit the goblin.
The goblin is severely wounded.
The worm bites you. The goblin barely misses you.
You hit the goblin but do no damage.
The goblin is severely wounded.
The worm bites you!
You die...

#.. #.# .# . .. ... . .
.. #.. #.# .##. ...
.##...... ... ....
......#.#..## # .....#
.w#...#.#...#.#. ......
.........†...#.. ...#.#
..###w.#g#.....#
.......#@#...#.## #..###
..##...#w#....... ......
.........#...# ######
.......#.....# # #
.............#.# #
##.....#.....#.# #
#......$....(.# #
#<......#.#.### ########
##.#......#)#####.......


You could see a worm and a goblin.

Vanquished Creatures
  A gnoll (D:1)
  3 dart slugs (D:1)
  A ball python (D:1)
  2 endoplasms (D:1)
  4 goblins
  3 hobgoblins (D:1)
  2 jackals (D:2)
  5 kobolds
  2 quokkas (D:1)
  3 bats (D:1)
  3 frilled lizards (D:1)
  2 rats (D:1)
31 creatures vanquished.

Notes
Turn   | Place    | Note
-------+----------+-------------------------------------------
     0 | D:1      | Woods the Gargoyle Ice Elementalist began the quest for the
                  | Orb.
     0 | D:1      | Reached XP level 1. HP: 10/10 MP: 3/3
   428 | D:1      | Reached XP level 2. HP: 7/15 MP: 0/5
  1216 | D:1      | Reached XP level 3. HP: 7/19 MP: 0/6
  1220 | D:1      | Learned a level 3 spell: Frozen Ramparts
  1224 | D:1      | Learned a level 3 spell: Ozocubu's Armour
  2357 | D:2      | Slain by a worm

Illustrated notes

Levels and vault maps discovered:
D:1:      lightli_arrival_statuegarden, layout_loops_ring, minivault_24,
          chequers_serial_rivers_small_3
D:2:      layout_basic, uniq_sigmund, uniq_terence

Action                   || total
-------------------------++-------
Melee: Unarmed           ||    13
 Cast: Freeze            ||    53
Armor: Robe              ||    18
Dodge: Dodged            ||    28
